 Dungeon Crawl Stone Soup version 0.24-a0-433-gbe6fa4f6cc (webtiles) character file.

Game seed: 10342957642995550355

4073 Amnesiac the Geomancer (level 10, -3/63 HPs)
             Began as a Mummy Earth Elementalist on June 14, 2019.
             Was an Initiate of Gozag.
             Killed from afar by Harold (7 damage)
             ... with a harpoon shot
             ... on level 8 of the Dungeon.
             The game lasted 00:21:10 (9913 turns).

Amnesiac the Geomancer (Mummy Earth Elementalist)   Turns: 9913, Time: 00:21:10

Health: -3/63      AC:  7    Str: 12    XL:     10   Next: 5%
Magic:  8/23       EV: 10    Int: 18    God:    Gozag
Gold:   920        SH:  5    Dex: 12    Spells: 13/28 levels left

rFire    . . .     SeeInvis .   a - +1 whip (venom)
rCold    + . .     Gourm    .   j - +0 buckler
rNeg     + + +     Faith    .   g - +0 ring mail (curse)
rPois    ∞         Spirit   .   (no helmet)
rElec    .         Reflect  .   l - +0 cloak
rCorr    .         Harm     +   h - +0 pair of gloves
MR       ++...                  (no boots)
Stlth    +.........             s - amulet of harm
HPRegen  0.20/turn              i - ring of protection from magic
MPRegen  0.18/turn              r - ring of protection from fire

@: marked
A: no food or potions, fire vulnerability, cold resistance 1, negative energy
resistance 3, torment resistance, unbreathing
a: Potion Petition, Call Merchant, Bribe Branch, Renounce Religion


You were on level 8 of the Dungeon.
You worshipped Gozag.
Gozag was pleased with you.
You were not hungry.

You visited 2 branches of the dungeon, and saw 9 of its levels.

You collected 1001 gold pieces.
You spent 33 gold pieces at shops.
You paid 48 gold pieces to Gozag.

Inventory:

Hand Weapons
 a - a +1 whip of venom (weapon)
 b - a +0 whip of flaming
Missiles
 e - 76 poisoned darts
 m - 58 stones (quivered)
Armour
 g - a cursed +0 ring mail (worn)
 h - a +0 pair of gloves (worn)
 j - a +0 buckler (worn)
 l - a +0 cloak (worn)
 o - a +2 robe of cold resistance
Jewellery
 i - a ring of protection from magic (left hand)
 n - an uncursed ring of protection from cold
 r - a ring of protection from fire (right hand)
 s - an amulet of harm (around neck)
Scrolls
 c - 2 scrolls of identify {!r}
 d - 2 scrolls of teleportation {!r}
 f - 2 scrolls of amnesia {!r}
 k - 5 scrolls of remove curse {!r}
 q - a scroll of enchant armour {!r}
 u - a scroll of enchant weapon {!r}


   Skills:
 - Level 1.5 Dodging
 - Level 1.5 Stealth
 - Level 4.0 Shields
 + Level 9.7 Spellcasting
 - Level 0.7 Transmutations
 * Level 9.7 Earth Magic


You had 13 spell levels left.
You knew the following spells:

 Your Spells              Type           Power        Failure   Level  Hunger
a - Sandblast             Erth           #####.       1%          1    N/A
b - Passwall              Tmut/Erth      ####....     3%          2    N/A
c - Stone Arrow           Conj/Erth      ####..       8%          3    N/A
d - Lee's Rapid Deconstr  Erth           #####.....   10%         5    N/A
e - Petrify               Tmut/Erth      ####....     22%         4    N/A

Your spell library contained the following spells:

 Spells                   Type           Power        Failure   Level  Hunger


Dungeon Overview and Level Annotations

Branches:
Dungeon (8/15)             Temple (1/1) D:4
   Lair: D:8-11

Altars:
Ashenzari
Cheibriados
Dithmenos
Fedhas
Gozag
Hepliaklqana
Kikubaaqudgha
Makhleb
Nemelex Xobeh
Okawaru
Qazlal
Ru
Sif Muna
Trog
Uskayaw
Wu Jian
Xom
Yredelemnul
Zin
The Shining One

Shops:
D:5 **%   D:6 :[!:=

Annotations:
D:8 Harold


Innate Abilities, Weirdness & Mutations

You do not eat or drink.
Your flesh is vulnerable to fire.
You are immune to poison.
Your flesh is cold resistant. (rC+)
You are immune to negative energy. (rN+++)
You are immune to unholy pain and torment.
You can survive without breathing.


Message History

You hit Harold but do no damage.
Harold looks as sick as possible!
Harold is lightly wounded.
The adder completely misses you. The adder closely misses you.
The helpless Harold fails to defend himself.
You hit Harold but do no damage.
Harold looks as sick as possible!
Harold is lightly wounded.
The adder bites you but does no damage.
The helpless Harold fails to defend himself.
You hit Harold but do no damage.
Harold looks as sick as possible!
Harold is lightly wounded.
You block the adder's attack. The adder bites you but does no damage.
An orc comes into view. It is wielding a +0 trident.
The helpless Harold fails to defend himself.
You hit Harold but do no damage.
Harold is lightly wounded.
You block the adder's attack.
The helpless Harold fails to defend himself.
You hit Harold.
Harold looks as sick as possible!
Harold is lightly wounded.
The adder bites you but does no damage.
An orc comes into view.
The adder barely misses you.
The helpless Harold fails to defend himself.
You hit Harold but do no damage.
Harold looks as sick as possible!
Harold is lightly wounded.
Harold is no longer petrified.
Harold hits you with a cursed -1 dire flail.
The adder bites you but does no damage. The orc hits you but does no damage.
A hog comes into view.
You hit Harold.
Harold is lightly wounded.
Harold hits you with a cursed -1 dire flail.
The adder bites you.
The orc hits you from afar with a +0 trident.
You hit Harold but do no damage.
Harold looks as sick as possible!
Harold is lightly wounded.
The adder bites you.
A hog comes into view.
Harold points at you and mumbles some strange words.
The mark upon you grows brighter.
The orc hits you from afar with a +0 trident.
* * * LOW HITPOINT WARNING * * *
The adder closely misses you.
A hog comes into view.
You block Harold's attack. The adder closely misses you.
You see here a throwing net.
A bullfrog comes into view.
Found a leather armour.
You see here a leather armour.
Harold casts a spell at you. The harpoon shot hits you!
* * * LOW HITPOINT WARNING * * *
You are yanked forward by the harpoon shot.
A centaur skeleton comes into view.
The bullfrog hits you.
* * * LOW HITPOINT WARNING * * *
You block the bullfrog's attack. The bullfrog hits you!
* * * LOW HITPOINT WARNING * * *
You see here a leather armour.
Harold gestures at you while chanting. The harpoon shot hits you.
You die...
Your body crumbles into a pile of gold.

#.# #######S#
#...h...#
#...o.F.#
#..Z#...##
#.o.####F#
##SF@# #.##
#..[## #..#####
##.@.#
##F#...###
#...##
###.......#
##..#
##......###..
#### ##.......#
## ##.......##
#. ##........#
##. #........##
##..
#.........###...
#.........##....


You could see Harold, a hog, a bullfrog, an adder, 2 orcs and a centaur
skeleton.

Vanquished Creatures
  Pikel (D:4)
  A hornet (D:8)
  A hippogriff (D:8)
  Sigmund (D:3)
  2 wraiths (D:8)
  3 orc warriors
  2 sky beasts
  2 ice beasts
  4 slaves
  2 necrophages (D:8)
  An ogre (D:7)
  A phantom (D:6)
  3 centaurs
  5 bullfrogs
  An elf skeleton (D:8)
  2 wights (D:8)
  3 howler monkeys
  A crimson imp (D:7)
  2 hounds
  A centaur skeleton (D:7)
  Crazy Yiuf (D:3)
  A human zombie (D:8)
  A jelly (D:8)
  8 orc wizards
  3 orc priests
  A bullfrog skeleton (D:4)
  A human skeleton (D:8)
  An iguana (D:4)
  3 worker ants
  2 hound skeletons (D:6)
  3 mummies
  A howler monkey zombie (D:7)
  8 gnolls (D:3)
  6 adders
  A shadow imp (D:6)
  An ooze (D:4)
  A worm (D:3)
  A dart slug (D:1)
  4 leopard geckos
  12 orcs
  4 bats
  7 giant cockroaches
  5 goblins
  6 hobgoblins
  5 jackals
  3 kobolds
  2 quokkas (D:2)
  5 frilled lizards
  A jackal skeleton (D:6)
  An orc zombie (D:8)
  A quokka zombie (D:5)
  6 rats
145 creatures vanquished.

Notes
Turn   | Place    | Note
-------+----------+-------------------------------------------
     0 | D:1      | Amnesiac the Mummy Earth Elementalist began the quest for
                  | the Orb.
     0 | D:1      | Reached XP level 1. HP: 13/13 MP: 4/4
   444 | D:2      | Reached XP level 2. HP: 19/19 MP: 3/5
   486 | D:2      | Learned a level 2 spell: Passwall
   584 | D:2      | Found an iron altar of Okawaru.
   587 | D:2      | Found a glowing golden altar of the Shining One.
   776 | D:2      | Found a hazy altar of Hepliaklqana.
  1037 | D:3      | Reached XP level 3. HP: 13/24 MP: 3/7
  1298 | D:3      | Noticed Sigmund
  1533 | D:3      | Killed Sigmund
  1533 | D:3      | Reached XP level 4. HP: 17/30 MP: 1/10
  1533 | D:3      | Reached XP level 5. HP: 19/35 MP: 1/11
  1673 | D:3      | Reached XP level 6. HP: 41/41 MP: 9/13
  1682 | D:3      | Learned a level 5 spell: Lee's Rapid Deconstruction
  1687 | D:3      | Learned a level 4 spell: Petrify
  1777 | D:3      | Found a stormy altar of Qazlal.
  1916 | D:3      | Reached skill level 5 in Spellcasting
  1916 | D:3      | Reached skill level 5 in Earth Magic
  1977 | D:3      | Found a runed translucent door.
  1978 | D:3      | Noticed Crazy Yiuf
  2131 | D:3      | Found a shattered altar of Ashenzari.
  2197 | D:3      | Reached skill level 1 in Shields
  2745 | D:3      | Killed Crazy Yiuf
  2855 | D:4      | Noticed a slave
  2856 | D:4      | Noticed Pikel
  2867 | D:4      | Noticed a slave
  2893 | D:4      | Killed a slave
  3233 | D:4      | Noticed a slave
  3267 | D:3      | Killed a slave
  3625 | D:4      | Found a staircase to the Ecumenical Temple.
  3631 | Temple   | Entered the Ecumenical Temple
  3755 | Temple   | Became a worshipper of Gozag Ym Sagoz the Greedy
  3864 | D:4      | Reached XP level 7. HP: 46/46 MP: 12/15
  5624 | D:5      | Entered Level 5 of the Dungeon
  6158 | D:4      | Killed Pikel
  6158 | D:4      | Reached XP level 8. HP: 30/52 MP: 15/17
  6279 | D:5      | Found a sparkling altar of Nemelex Xobeh.
  6409 | D:5      | Found Builyar's Food Emporium.
  6416 | D:5      | Found Tuwef's General Store.
  6533 | D:5      | Found Suvuhuoss's Assorted Antiques.
  6537 | D:5      | Bought a scroll labeled JESCHE UNLE for 33 gold pieces
  6641 | D:6      | Found Moschac's Jewellery Shoppe.
  6668 | D:6      | Noticed a +0 dagger
  6670 | D:6      | Noticed a +0 hand axe
  6672 | D:6      | Found a hide-covered altar of Uskayaw.
  6992 | D:6      | Found Dokou's Distillery.
  7185 | D:6      | Found a snail-covered altar of Cheibriados.
  7569 | D:6      | Found Kogg's Book Emporium.
  7642 | D:6      | Reached XP level 9. HP: 42/57 MP: 11/20
  7838 | D:6      | Found Feb Toito's Antique Armour Shoppe.
  7841 | D:6      | Found Omentash's Book Shop.
  8099 | D:7      | Found a bloodstained altar of Trog.
  8904 | D:7      | Found a shadowy altar of Dithmenos.
  9532 | D:8      | Learned a level 3 spell: Stone Arrow
  9554 | D:8      | Found a basalt altar of Yredelemnul.
  9713 | D:8      | Reached XP level 10. HP: 62/63 MP: 10/23
  9876 | D:8      | Noticed Harold
  9913 | D:8      | Killed from afar by Harold

Levels and vault maps discovered:
D:1:      kilobyte_arrival_exit_the_forest, layout_loops_ring, hex_medium,
          minivault_27
D:2:      layout_rooms, minitemple, overflow_temple_1_default
D:3:      layout_loops_ring, nicolae_overflow_hidden_temple,
          evilmike_ruin_ashenzari, uniq_crazy_yiuf_cottage, uniq_sigmund
D:4:      layout_basic, minmay_temple_entry_hall, first_ration, uniq_pikel
D:5:      layout_loops_ring, nemelex_xobeh_ov_fountains_minmay, serial_shops,
          shop, shop, kennysheep_mini_moat
D:6:      layout_basic, dancing_weapons_uskayaw, slow_altar_1, serial_shops,
          shop, nicolae_shop_statue_plus, nicolae_shop_waterfront, shop,
          kennysheep_small_circle
D:7:      layout_basic, bloody_trog, lemuel_crystal_altar
D:8:      layout_cave_pods, lemuel_mausoleum_altar_yredelemnul,
          old_standard_altar, serial_shops, shop, gammafunk_ghost_cemetery,
          grunt_livestock, minmay_small_thing, uniq_harold
Temple:   nicolae_temple_figure_zero

Skill      XL: |  1  2  3  4  5  6  7  8  9 |
---------------+----------------------------+-----
Earth Magic    | 3 4 5 6 7 9 |  9.7
Spellcasting   | 3 4 5 6 7 9 |  9.7
Shields        | 1 2 4 |  4.0
Dodging        | |  1.5
Stealth        | |  1.5
Transmutations | |  0.7

Action                   |  1- 3 |  4- 6 |  7- 9 | 10-12 || total
-------------------------+-------+-------+-------+-------++-------
Melee: Unarmed           |    26 |       |       |       ||    26
       Hand axe          |    69 |    64 |       |       ||   133
       Whip              |       |    48 |   307 |    13 ||   368
 Cast: Sandblast         |    21 |    45 |    49 |       ||   115
       Petrify           |       |       |    11 |     4 ||    15
       Lee's Rapid Decon |       |       |     8 |     5 ||    13
  Use: Scroll            |     2 |       |     8 |       ||    10
 Stab: Petrified         |       |       |    35 |     9 ||    44
       Distracted        |       |       |     1 |       ||     1
Armor: Robe              |    10 |       |       |       ||    10
       Ring mail         |    55 |    56 |   112 |     6 ||   229
Dodge: Dodged            |   104 |    74 |   140 |     5 ||   323
Block: Buckler           |       |    22 |    64 |     6 ||    92

Table legend:
 A = Non-vault XP
 B = Vault XP
 C = Vault XP percentage of total XP
 D = Non-vault monster count
 E = Vault monster count
 F = Vault count percentage of total count
                 A         B        C        D         E       F
            +---------+---------+-------+---------+---------+-------
      Total |    3617 |    2202 |  37.8 |     122 |      19 |  13.5
            +---------+---------+-------+---------+---------+-------
        D:1 |      25 |       0 |   0.0 |      16 |       0 |   0.0
        D:2 |      19 |       0 |   0.0 |      10 |       0 |   0.0
        D:3 |     304 |     280 |  47.9 |      27 |       2 |   6.9
        D:4 |     307 |     673 |  68.7 |      17 |       1 |   5.6
        D:5 |       4 |       0 |   0.0 |       2 |       0 |   0.0
        D:6 |    1271 |     278 |  17.9 |      24 |       4 |  14.3
        D:7 |    1014 |       0 |   0.0 |      19 |       0 |   0.0
        D:8 |     673 |     971 |  59.1 |       7 |      12 |  63.2
            +---------+---------+-------+---------+---------+-------
